AoeStats
← Jaimeka 3K

Arabia

508546431Analyzed
3v3 RM · 8d ago on Sep 23, 2026· 53m 28s· 6 players
Game mode
Random Map
Map size
Normal (6 player)
Population
200
Speed
Normal
Resources
Standard
Victory
Conquest
Starting age
Dark Age
Ending age
Imperial Age
RankedLock teamsTeams togetherTeam positionsShared explorationLock speedFull tech treeHidden civsTurbo modeCheats
Victory
Defeat
🇬🇧 Franks · United Kingdom
927
+12
🇬🇧 Burgundians · United Kingdom
761
+19
🇬🇧 Franks · United Kingdom
744
+19
🇨🇱 Ethiopians · Chile
851
-18
🇨🇱 Spanish · Chile
839
-17
🇧🇷 Khmer · Brazil
773
-15
Sharizard
1:13 Loom
11:46 Feudal Age
11:47 Double-Bit Axe
25:27 Castle Age
26:56 Gold Mining
27:20 Bow Saw
30:26 Scale Barding Armor
30:32 Forging
33:14 Gold Shaft Mining
33:05 Cavalier
34:49 Wheelbarrow
35:05 Wheelbarrow
37:24 Hand Cart
42:27 Imperial Age
42:56 Iron Casting
42:42 Chain Barding Armor
42:23 Scale Mail Armor
42:13 Fletching
42:24 Padded Archer Armor
44:06 Pikeman
47:48 Blast Furnace
47:24 Plate Barding Armor
49:00 Stone Mining
50:57 Chain Mail Armor
50:38 Bodkin Arrow
51:29 Conscription
SupaMan
1:24 Loom
10:16 Feudal Age
10:51 Double-Bit Axe
21:31 Castle Age
20:03 Gold Mining
25:36 Stone Mining
27:57 Crossbowman
28:51 Forging
31:52 Ordonnance Companies
33:07 Scale Mail Armor
42:32 Imperial Age
43:20 Gold Shaft Mining
43:10 Cavalier
44:30 Elite Throwing Axeman
45:50 Chivalry
51:32 Chain Mail Armor
54:05 Conscription
NastyBoi
10:42 Feudal Age
19:41 Forging
20:48 Fletching
23:36 Castle Age
22:13 Wheelbarrow
21:35 Double-Bit Axe
23:48 Scale Barding Armor
25:51 Crossbowman
42:38 Imperial Age
41:43 Iron Casting
41:06 Bodkin Arrow
41:12 Padded Archer Armor
43:06 Cavalier
47:28 Ordonnance Companies
TheSeb
0:28 Loom
13:19 Feudal Age
14:43 Wheelbarrow
13:58 Double-Bit Axe
25:22 Castle Age
24:24 Scale Barding Armor
25:42 Scale Mail Armor
34:07 Horse Collar
36:55 Chain Barding Armor
36:46 Forging
36:32 Pikeman
37:55 Squires
45:26 Bow Saw
50:08 Chain Barding Armor
49:59 Forging
PesadeloDG13
2:22 Loom
11:05 Feudal Age
11:36 Double-Bit Axe
12:28 Wheelbarrow
15:04 Horse Collar
17:15 Stone Mining
22:50 Castle Age
22:36 Fletching
26:47 Bow Saw
29:35 Gold Mining
30:20 Heavy Plow
32:55 Pikeman
39:00 Imperial Age
42:00 Conscription
49:49 Halberdier
50:07 Light Cavalry
52:22 Forging
Jaimeka 3K
0:58 Loom
12:15 Feudal Age
12:41 Double-Bit Axe
20:42 Wheelbarrow
21:32 Horse Collar
25:20 Castle Age
24:35 Forging
25:27 Gold Mining
25:36 Crossbowman
28:53 Thumb Ring
28:50 Scale Mail Armor
28:42 Fletching
28:53 Stone Mining
34:40 Bow Saw
41:10 Padded Archer Armor
44:19 Imperial Age
42:02 Squires
41:47 Arson
44:12 Iron Casting
43:53 Chain Mail Armor
43:34 Bodkin Arrow
43:39 Murder Holes
44:54 Hand Cart
Connection lost

Rejoining the realm…

Still unreachable

The connection could not be restored.

Session expired

The server has moved on; the page needs a fresh start.